Map: Overgrowth LE (Void)

Players

Emil - Winner!

  • Race: Zerg Zerg
  • League: Diamond
  • Spawn Location: 1:00

MEMMO

  • Race: Zerg Zerg
  • League: Diamond
  • Spawn Location: 7:00

VOD

Have the link to the VOD?

Description

Time

  • Played on: Nov. 28, 2016, 8:30 a.m.
  • Length: 14:37
Show
View Real Time Build Order
Export as new Build Order

Emil Zerg - Winner!

Build Orders: Pool First 

Get SALT Encoding   

  12  0:17  Spawning Pool  
  11  0:22  Drone  
  11  0:26  Drone  
  13  0:31  Drone  
  14  0:40  Overlord  
  14  1:04  Zergling x2  
  14  1:05  Zergling x2  
  14  1:06  Zergling x2  
  17  1:18  Drone  
  18  1:23  Hatchery  
  17  1:28  Queen  
  19  1:33  Drone  
  19  1:39  Drone  
  21  1:48  Drone  
  21  1:49  Extractor  
  21  2:02  Drone  
  22  2:11  Overlord  
  22  2:29  Queen  
  23  2:36  Drone x3  
  24  2:45  Queen  
  24  2:48  Zergling x4  
  24  2:49  Drone x2  
  30  3:01  Metabolic Boost  
  30  3:03  Drone  
  30  3:04  Drone x2  
  33  3:13  Drone x3  
  36  3:24  Evolution Chamber  
  35  3:28  Roach Warren  
  35  3:33  Drone x2  
  36  3:36  Baneling Nest  
  35  3:44  Overlord x2  
  35  3:56  Spine Crawler, Queen  
  36  4:10  Zergling x16  
  36  4:16  Zergling x6  
  27  4:39  Drone  
  27  4:40  Drone x4  
  28  4:54  Drone, Extractor  
  28  4:55  Drone x2  
  28  5:05  Drone  
  28  5:06  Drone x2  
  31  5:21  Drone x3  
  32  5:25  Drone  
  35  5:33  Drone  
  36  5:36  Zerg Melee Weapons Level 1  
  36  5:37  Baneling  
  36  5:38  Baneling x2  
  36  5:40  Drone  
  36  5:41  Drone  
  38  5:46  Drone x3  
  41  5:51  Drone  
  43  6:04  Drone x5  
  41  6:22  Zergling x6  
  41  6:24  Extractor  
  41  6:26  Extractor  
  40  6:37  Zergling x2  
  40  6:38  Zergling x8  
  45  6:46  Baneling x2  
  45  6:47  Zergling x4  
  45  6:51  Hatchery  
  45  6:54  Drone  
  47  6:59  Drone  
  48  7:02  Drone x3  
  51  7:10  Drone  
  52  7:16  Overlord x2  
  52  7:26  Baneling x3  
  52  7:33  Queen x2  
  55  7:40  Drone x4  
  55  8:01  Drone  
  55  8:03  Drone  
  55  8:04  Drone x2  
  59  8:10  Drone x3  
  61  8:13  Lair  
  61  8:15  Drone x4  
  65  8:22  Zerg Ground Armor Level 1  
  65  8:31  Drone  
  65  8:32  Drone x4  
  70  8:41  Drone x2  
  71  8:48  Roach  
  74  8:50  Overlord x2  
  73  9:05  Drone  
  73  9:06  Overlord x4  
  73  9:07  Overlord x2  
  72  9:13  Roach  
  72  9:14  Zergling x6  
  76  9:20  Spire  
  76  9:21  Zergling x4  
  76  9:24  Extractor x2  
  76  9:27  Overseer  
  76  9:31  Zergling x6  
  78  9:40  Spine Crawler x3  
  78  9:41  Spine Crawler  
  78  9:44  Zergling x2  
  78  9:45  Zergling x8  
  79  10:01  Zergling x2  
  79  10:02  Zergling x12  
  80  10:34  Mutalisk  
  80  10:35  Mutalisk x7  
  90  10:41  Hatchery  
  94  10:44  Baneling  
  94  10:47  Mutalisk  
  94  10:48  Mutalisk x3  
  99  10:56  Mutalisk  
  93  10:57  Mutalisk x3  
  97  11:05  Mutalisk  
  97  11:06  Mutalisk  
  99  11:12  Zergling x2  
  99  11:16  Zerg Melee Weapons Level 2  
  100  11:19  Mutalisk  
  102  11:29  Zergling x4  
  104  11:42  Zergling x10  
  104  11:46  Zergling x2  
  110  11:47  Queen x2  
  110  11:52  Zergling x4  
  110  11:53  Zergling x4  
  118  11:57  Zergling x2  
  119  12:03  Zergling x4  
  119  12:05  Baneling Nest  
  119  12:08  Centrifical Hooks  
  114  12:29  Mutalisk  
  102  12:30  Mutalisk x9  
  119  12:51  Zergling x2  
  119  12:52  Zergling x20  
  128  12:58  Zergling x2  
  128  12:59  Overlord  
  129  13:14  Overseer  
  129  13:15  Zergling x2  
  128  13:29  Baneling  
  128  13:30  Baneling x23  
  128  13:42  Zergling x10  
  128  13:43  Zergling x10  
  114  14:03  Zergling x4  
  114  14:04  Zergling x8  
  103  14:15  Zergling x2  
  103  14:16  Zergling x10  
Show
View Real Time Build Order
Export as new Build Order

MEMMO Zerg 

Build Orders: Hatch First 

Get SALT Encoding   

  12  0:02  Drone  
  13  0:14  Overlord  
  13  0:19  Drone  
  14  0:33  Drone x2  
  16  0:41  Drone  
  17  0:53  Hatchery  
  16  0:58  Drone  
  16  0:59  Drone  
  18  1:12  Spawning Pool  
  18  1:13  Extractor  
  18  1:17  Drone  
  17  1:28  Drone  
  18  1:42  Overlord  
  18  2:00  Zergling x4  
  20  2:01  Queen  
  20  2:03  Zergling x2  
  20  2:05  Spine Crawler  
  20  2:06  Zergling x2  
  20  2:08  Queen  
  25  2:17  Zergling x4  
  27  2:23  Metabolic Boost  
  27  2:29  Zergling x4  
  28  2:39  Queen  
  30  2:47  Overlord  
  30  2:50  Drone  
  31  2:58  Baneling Nest  
  30  3:05  Overlord  
  30  3:10  Drone  
  31  3:15  Drone  
  31  3:17  Drone  
  33  3:25  Zergling x4  
  35  3:28  Zergling x2  
  35  3:34  Zergling x2  
  37  3:35  Zergling x2  
  38  3:42  Zergling x4  
  38  3:48  Zergling x4  
  42  3:54  Overlord  
  42  3:59  Baneling x3  
  42  4:05  Zergling x4  
  42  4:12  Zergling x4  
  37  4:35  Zergling x12  
  36  4:54  Drone  
  36  4:55  Drone  
  38  5:02  Drone x2  
  38  5:16  Hatchery  
  38  5:18  Drone x3  
  37  5:31  Roach Warren  
  37  5:35  Drone x3  
  39  5:36  Drone  
  40  5:43  Evolution Chamber  
  40  5:46  Drone x3  
  40  5:47  Drone  
  43  5:53  Zergling x6  
  46  6:01  Zergling x4  
  48  6:04  Baneling x5  
  48  6:06  Zergling x6  
  41  6:22  Drone x5  
  46  6:28  Extractor  
  45  6:34  Hatchery  
  45  6:37  Zerg Missile Weapons Level 1  
  44  6:41  Overlord  
  44  6:42  Overlord  
  44  6:43  Drone  
  45  6:47  Extractor  
  45  6:51  Drone x2  
  46  7:00  Roach  
  46  7:01  Roach  
  50  7:08  Drone x3  
  53  7:09  Drone  
  53  7:13  Baneling x2  
  54  7:26  Overlord  
  54  7:31  Roach x4  
  55  8:00  Roach x3  
  59  8:09  Drone x3  
  59  8:12  Lair  
  61  8:13  Drone x2  
  61  8:14  Drone x6  
  61  8:15  Drone x2  
  71  8:23  Overlord  
  71  8:28  Baneling x2  
  71  8:30  Baneling  
  71  8:31  Queen  
  73  8:34  Zerg Ground Armor Level 1  
  73  8:38  Overlord, Extractor  
  73  8:41  Roach  
  75  8:53  Roach x5  
  75  8:55  Overlord  
  83  9:12  Queen  
  83  9:15  Drone x5  
  83  9:16  Drone  
  88  9:23  Roach x4  
  88  9:24  Roach x2  
  100  9:26  Glial Reconstitution  
  100  9:30  Extractor  
  99  9:34  Spine Crawler  
  99  9:35  Spine Crawler  
  99  9:36  Spine Crawler  
  96  9:40  Baneling  
  96  9:47  Hydralisk Den  
  96  9:48  Zergling x12  
  101  9:55  Zergling x8  
  101  9:57  Unknown, Overlord  
  102  10:18  Extractor  
  102  10:21  Overlord, Extractor  
  100  10:24  Drone x3  
  100  10:25  Drone x4  
  100  10:26  Spore Crawler  
  100  10:28  Zerg Missile Weapons Level 2  
  106  10:30  Spore Crawler  
  106  10:32  Spore Crawler  
  106  10:33  Drone x2  
  106  10:34  Drone x2  
  106  10:35  Drone x2  
  110  10:49  Hydralisk x3, Grooved Spines  
  112  10:55  Queen  
  113  10:59  Queen  
  114  11:08  Drone x6  
  118  11:15  Hydralisk  
  118  11:17  Overlord  
  120  11:18  Overlord  
  120  11:22  Spore Crawler  
  119  11:29  Spore Crawler  
  119  11:30  Spore Crawler, Overlord  
  117  11:33  Overlord  
  117  11:39  Hydralisk x2  
  119  11:44  Spore Crawler  
  119  11:45  Spine Crawler  
  119  11:47  Hydralisk  
  119  11:54  Hydralisk x2  
  121  12:00  Hydralisk x2  
  129  12:05  Spore Crawler, Hydralisk  
  130  12:11  Muscular Augments  
  130  12:14  Hydralisk  
  132  12:29  Hydralisk x4  
  131  12:42  Drone  
  131  12:43  Drone x5  
  128  13:07  Extractor  
  128  13:09  Overlord x4  
  127  13:28  Spine Crawler  
  127  13:29  Spine Crawler  
  127  13:32  Baneling  
  127  13:33  Baneling x6  
  117  13:44  Hydralisk x3  
Tags
 
Add a new tag
Caveats
  • Supply blocks, unpowered buildings, or Contaminate may cause inaccurate times.
  • Supply counts are checked every 10 seconds.